 Dungeon Crawl Stone Soup version 0.27-a0-1230-gfc7c993222 (webtiles) character file.

Game seed: 10608484825389967210

245 Ethylacetat the Stinger (level 6, -4/51 HPs)
             Began as a Naga Transmuter on June 8, 2021.
             Was a Priest of Wu Jian.
             Slain by Duvessa
             ... wielding a +0 short sword
              (5 damage)
             ... on level 4 of the Dungeon.
             The game lasted 00:13:30 (4055 turns).

Ethylacetat the Stinger (Naga Transmuter)           Turns: 4055, Time: 00:13:31

Health: -4/51      AC:  3    Str: 12    XL:     6   Next: 10%
Magic:  20/20      EV:  9    Int: 16    God:    Wu Jian [***...]
Gold:   155        SH:  0    Dex: 11    Spells: 8/12 levels left

rFire    . . .     SeeInvis +   i - +0 club
rCold    . . .     Faith    .   (no shield)
rNeg     . . .     Spirit   .   a - +0 robe
rPois    +         Reflect  .   (no helmet)
rElec    .         Harm     .   (no cloak)
rCorr    .         Rampage  .   (no gloves)
Will     .....                  (no barding)
Stlth    +.........             (no amulet)
HPRegen  0.17/turn              b - ring of magical power
MPRegen  0.17/turn              (no ring)

@: flying, very slightly contaminated, hasted, invisible, quick
A: AC +2, large, see invisible, deformed body, poison resistance, slowness 2,
spit poison 1, naga tail 1
a: Spit Poison, Renounce Religion, Wall Jump, Serpent's Lash


You were on level 4 of the Dungeon.
You worshipped Wu Jian.
Wu Jian was most pleased with you.
You visited 1 branch of the dungeon, and saw 4 of its levels.

You collected 155 gold pieces.

Inventory:

Hand Weapons
 i - a +0 club (weapon)
Armour
 a - a +0 robe (worn)
Jewellery
 b - a ring of magical power (left hand)
 k - a ring of willpower
Wands
 n - a wand of flame (10)
Scrolls
 c - 4 scrolls of teleportation {unknown}
 f - 5 scrolls of identify {unknown}
 g - a scroll of enchant weapon {unknown}
 h - a scroll of fear {unknown}
 j - a scroll of immolation {unknown}


   Skills:
 - Level 1.0 Fighting
 - Level 1.5 Dodging
 - Level 3.0 Unarmed Combat
 + Level 3.6 Spellcasting
 + Level 3.8 Transmutations
 * Level 4.3 Poison Magic


You had 8 spell levels left.
You knew the following spells:

 Your Spells              Type           Power      Damage    Failure   Level
a - Beastly Appendage     Tmut           30%        N/A       3%          1
b - Spider Form           Tmut/Pois      7%         N/A       10%         3

Your spell library contained the following spells:

 Spells                   Type           Power      Damage    Failure   Level
 Wereblood                Tmut           15%        N/A       5%          2
 Summon Small Mammal      Summ           8%         N/A       19%         1
 Call Imp                 Summ           2%         N/A       26%         2
 Call Canine Familiar     Summ           2%         N/A       47%         3
 Summon Guardian Golem    Hex/Summ       2%         N/A       47%         3
 Ice Form                 Ice/Tmut       9%         N/A       63%         4
 Hydra Form               Tmut           7%         N/A       69%         5
 Summon Ice Beast         Ice/Summ       2%         N/A       87%         4
 Summon Lightning Spire   Summ/Air       2%         N/A       87%         4


Dungeon Overview and Level Annotations

Branches:
Dungeon (4/15)
 Temple: D:4-7

Altars:
Trog
Wu Jian
The Shining One

Shops:
D:4 *

Annotations:
D:4 Duvessa


Innate Abilities, Weirdness & Mutations

Your serpentine skin is tough. (AC +2)
You have supernaturally acute eyesight. (SInv)
Armour fits poorly on your strangely shaped body.
Your system is resistant to poisons. (rPois)
You cover ground very slowly.
You can spit poison.
You have a snake-like lower body.


Message History

You barely miss Grinder.
Grinder is severely wounded.
Duvessa completely misses you.
You hit Grinder.
Grinder is almost dead.
Grinder misses you. Duvessa hits you with a +0 short sword!
It was a potion of invisibility.
You fade into invisibility!
Grinder barely misses you.
You are very lightly contaminated with residual magic.
Your transformation has ended.
Your +0 club unmelds from your body.
Your +0 robe unmelds from your body.
Grinder blinks!
You barely miss Grinder.
Grinder is almost dead.
You have got your breath back.
Grinder says, "You look like you could use a good racking."
Grinder barely misses you.
Duvessa says, "When magic and the sword combine, nothing stands against them."
Duvessa hits you with a +0 short sword.
You barely miss Grinder.
Grinder is almost dead.
Grinder hits you but does no damage.
You hit Grinder.
Grinder is almost dead.
Duvessa hits you with a +0 short sword.
* * * LOW HITPOINT WARNING * * *
Grinder gestures at you. Pain shoots through your body!
* * * LOW HITPOINT WARNING * * *
You aren't carrying any potions.
Casting: Spider Form (dangerous; 10% risk of failure)
Confirm with . or Enter, or press ? or * to list all spells.
You don't know that spell.
Unknown command.
You spin and attack Duvessa.
You barely miss Duvessa.
You kill Grinder!
The Council accepts your kill. Duvessa hits you with a +0 short sword.
You die...

#..#####.#
#..##....#
#..##.####
#..##.##
#......#
#<###..#
#.# #..#
#.# #..#
#.# #e@#
..# #(.#
...>.....#
########.#
#.# #.#
..# ###


You could see Duvessa.

Vanquished Creatures
  Grinder (D:4)
  A hound (D:3)
  A bullfrog skeleton (D:4)
  An orc wizard (D:4)
  6 adders
  3 worms (D:2)
  2 dart slugs
  4 orcs (D:4)
  5 endoplasms
  7 giant cockroaches
  5 goblins
  7 hobgoblins
  7 jackals (D:2)
  7 kobolds
  3 quokkas
  6 ball pythons
  4 bats
  16 frilled lizards
  12 rats
98 creatures vanquished.

Vanquished Creatures (others)
  2 plants (D:1)
2 creatures vanquished.

Grand Total: 100 creatures vanquished

Notes
Turn   | Place    | Note
-------+----------+-------------------------------------------
     0 | D:1      | Ethylacetat the Naga Transmuter began the quest for the
                  | Orb.
     0 | D:1      | Reached XP level 1. HP: 18/18 MP: 3/3
   160 | D:1      | Found a faded altar of an unknown god.
   171 | D:1      | Became a worshipper of the Wu Jian Council
   171 | D:1      | Reached * piety under Wu Jian
   446 | D:1      | Reached XP level 2. HP: 25/25 MP: 5/5
  1058 | D:1      | Reached XP level 3. HP: 26/31 MP: 6/6
  1180 | D:1      | Reached ** piety under Wu Jian
  1520 | D:1      | Learned a level 3 spell: Spider Form
  1969 | D:2      | Reached skill level 1 in Poison Magic
  2116 | D:2      | Reached XP level 4. HP: 36/38 MP: 8/8
  2461 | D:2      | Reached skill level 2 in Poison Magic
  3022 | D:3      | Reached *** piety under Wu Jian
  3062 | D:3      | Found a bloodstained altar of Trog.
  3248 | D:3      | Reached skill level 3 in Poison Magic
  3248 | D:3      | Reached XP level 5. HP: 40/44 MP: 5/9
  3440 | D:3      | Found a glowing golden altar of the Shining One.
  3788 | D:4      | Reached skill level 4 in Poison Magic
  3943 | D:4      | Found Vurofu's Serpentskin Sales.
  3947 | D:4      | Reached XP level 6. HP: 51/51 MP: 11/11
  4024 | D:4      | Noticed Grinder
  4040 | D:4      | Noticed Duvessa
  4054 | D:4      | HP: 1/51 [Grinder/nerve-wracking pain (11)]
  4055 | D:4      | Killed Grinder
  4055 | D:4      | Slain by Duvessa

Illustrated notes

Levels and vault maps discovered:
D:1:      psy_arrival_terrarium, layout_basic,
          ebering_ecumenical_altar_sacrificial, minmay_lizard_king
D:2:      layout_loops_ring
D:3:      layout_rooms, old_standard_altar, bloody_trog
D:4:      layout_loops_ring, guppyfry_shop_venom, uniq_grinder, uniq_robin,
          uniq_duvessa

Skill      XL: |  1  2  3  4  5 |
---------------+----------------+-----
Transmutations | 3 |  3.8
Spellcasting   | 3 |  3.6
Poison Magic   | 1 3 4 |  4.3
Fighting       | |  1.0
Dodging        | |  1.5
Unarmed Combat | |  3.0

Action                   |  1- 3 |  4- 6 || total
-------------------------+-------+-------++-------
Melee: Unarmed           |   131 |    97 ||   228
       Headbutt          |     4 |       ||     4
       Punch             |     1 |     1 ||     2
       Club              |       |    10 ||    10
 Cast: Beastly Appendage |     4 |       ||     4
       Spider Form       |     1 |    16 ||    17
Invok: Lunge             |     8 |     4 ||    12
       Whirlwind         |     1 |     1 ||     2
 Abil: Spit Poison       |    34 |    36 ||    70
  Use: Potion            |       |     4 ||     4
Armor: Robe              |    32 |     6 ||    38
       Skin              |       |     5 ||     5
Dodge: Dodged            |    52 |    67 ||   119

Table legend: (Time is in decaauts)
 A = Elapsed time spent in this place.
 B = Non-inter-level travel time spent in this place.
 C = Inter-level travel time spent in this place.
 D = Time resting spent in this place.
 E = Time spent auto-exploring this place.
 F = Levels seen in this place.
 G = Mean time per level.
                   A        B        C        D        E       F      G
               +--------+--------+--------+--------+--------+-----+--------+
         Total |   4708 |   4588 |    120 |     11 |   3963 |   4 | 1177.0 |
       Dungeon |   4708 |   4588 |    120 |     11 |   3963 |   4 | 1177.0 |
               +--------+--------+--------+--------+--------+-----+--------+

Top non-repeatable levels by time:
     D:1: 2071 daAuts
     D:2: 1395 daAuts
     D:3: 806 daAuts
     D:4: 435 daAuts
